AoeStats
← juanda_mantilla

African Clearing

510672947Analyzed
3v3 RM · 12h ago on Oct 2, 2026· 37m 36s· 6 players
Game mode
Random Map
Map size
Normal (6 player)
Population
200
Speed
Normal
Resources
Standard
Victory
Conquest
Starting age
Dark Age
Ending age
Imperial Age
RankedLock teamsTeams togetherTeam positionsShared explorationLock speedFull tech treeHidden civsTurbo modeCheats
Victory
Defeat
🇨🇦 Celts · Canada
1039
+10
🇨🇴 Danes · Colombia
996
+11
🇨🇴 Britons · Colombia
799
+19
🇺🇸 Lithuanians · United States
892
-14
🇨🇦 Georgians · Canada
885
-13
🇨🇴 Huns · Colombia
873
-35
jkjunkmailreader
4:13 Loom
14:05 Feudal Age
14:35 Double-Bit Axe
14:39 Horse Collar
26:55 Castle Age
27:31 Town Watch
29:44 Heavy Plow
30:00 Bow Saw
35:09 Stone Mining
35:10 Gold Mining
36:13 Town Patrol
37:10 Wheelbarrow
pipe4ndres
17:09 Feudal Age
15:36 Loom
17:36 Double-Bit Axe
24:06 Bloodlines
27:10 Castle Age
26:03 Scale Barding Armor
26:09 Forging
29:40 Chain Barding Armor
29:48 Town Watch
31:57 Iron Casting
31:53 Husbandry
32:38 Horse Collar
33:38 Wheelbarrow
35:24 Bow Saw
35:10 Elite Skirmisher
37:07 Padded Archer Armor
juanda_mantilla
12:11 Loom
17:29 Feudal Age
17:41 Man-at-Arms
18:24 Double-Bit Axe
18:47 Arson
18:29 Man-at-Arms
20:56 Wheelbarrow
20:46 Arson
20:54 Gold Mining
20:57 Stone Mining
21:19 Bloodlines
23:54 Forging
33:23 Castle Age
shorty84125
8:38 Loom
14:29 Feudal Age
15:00 Double-Bit Axe
15:43 Arson
15:19 Man-at-Arms
16:08 Horse Collar
22:31 Forging
23:50 Wheelbarrow
24:44 Scale Mail Armor
28:01 Castle Age
26:44 Gold Mining
26:44 Stone Mining
32:02 Iron Casting
37:36 Chain Mail Armor
38:08 Bow Saw
Nicolashija14
11:24 Loom
14:00 Feudal Age
18:26 Castle Age
17:45 Forging
17:36 Scale Mail Armor
19:31 Wheelbarrow
18:44 Town Watch
19:23 Chain Mail Armor
20:37 Pikeman
21:03 Gambesons
22:42 Man-at-Arms
29:35 Double-Bit Axe
37:24 Long Swordsman
Masepulvedah1
5:32 Loom
17:11 Feudal Age
21:34 Double-Bit Axe
32:08 Castle Age
30:26 Fletching
30:36 Padded Archer Armor
33:16 Crossbowman
Connection lost

Rejoining the realm…

Still unreachable

The connection could not be restored.

Session expired

The server has moved on; the page needs a fresh start.